 Dungeon Crawl Stone Soup version 0.25.0-9-g26727b657a (webtiles) character file.

Game seed: 8450368158948767337

643 protoss039 the Vexing (level 7, -1/38 HPs)
             Began as a Vampire Enchanter on June 20, 2020.
             Slain by a bullfrog skeleton (5 damage)
             ... on level 5 of the Dungeon.
             The game lasted 00:21:19 (4934 turns).

protoss039 the Vexing (Vampire Enchanter)           Turns: 4934, Time: 00:21:19

Health: -1/38      AC:  5    Str:  7    XL:     7   Next: 26%
Magic:  5/14       EV: 13    Int: 19    God:
Gold:   313        SH:  0    Dex: 15    Spells: 4/16 levels left

rFire    . . .     SeeInvis +   e - +2 dagger (drain)
rCold    + + .     Gourm    .   (no shield)
rNeg     + + +     Faith    .   b - +0 robe
rPois    ∞         Spirit   .   (no helmet)
rElec    .         Reflect  .   r - +0 cloak
rCorr    .         Harm     .   g - +0 pair of gloves
MR       .....                  d - +0 pair of boots
Stlth    +++++.....             i - amulet of the acrobat
HPRegen  0.00/turn              (no ring)
MPRegen  0.14/turn              (no ring)

@: bloodless
A: no food, fangs 3, see invisible, unbreathing
a: Bat Form, Revivify


You were on level 5 of the Dungeon.
You were bloodless.

You visited 1 branch of the dungeon, and saw 5 of its levels.

You collected 313 gold pieces.

Inventory:

Hand Weapons
 e - a +2 dagger of draining (weapon)
 k - a +0 short sword
Armour
 b - a +0 robe (worn)
 d - a +0 pair of boots (worn)
 g - a +0 pair of gloves (worn)
 p - a +1 scale mail of cold resistance
 r - a +0 cloak (worn)
Jewellery
 i - an amulet of the acrobat (around neck)
Wands
 l - a wand of enslavement (4)
 n - a wand of paralysis (1)
 t - a wand of digging (5)
Scrolls
 f - 4 scrolls of teleportation
 h - 4 scrolls of identify
 j - a scroll of amnesia {unknown}
 m - 2 scrolls of magic mapping {unknown}
 o - 2 scrolls of remove curse {unknown}
 q - a scroll of fear {unknown}
Potions
 a - 2 potions of flight
 c - a potion of curing
 s - a potion of heal wounds {unknown}


   Skills:
 + Level 1.3 Fighting
 + Level 3.0 Short Blades
 - Level 2.1 Dodging
 + Level 6.6 Stealth
 * Level 5.1 Spellcasting
 + Level 6.8 Hexes
 + Level 0.2 Ice Magic


You had 4 spell levels left.
You knew the following spells:

 Your Spells              Type           Power        Failure   Level  Hunger
a - Corona                Hex            ####...      1%          1    N/A
b - Confusing Touch       Hex            ####....     2%          3    N/A
c - Tukima's Dance        Hex            ####....     2%          3    N/A
d - Ensorcelled Hibernat  Hex/Ice        ###...       4%          2    N/A
e - Dazzling Flash        Conj/Hex       ###...       9%          3    N/A

Your spell library contained the following spells:

 Spells                   Type           Power        Failure   Level  Hunger
 Freeze                   Ice            #...         11%         1    N/A
 Frozen Ramparts          Ice            #.....       32%         3    N/A
 Ozocubu's Armour         Chrm/Ice       #.......     34%         3    N/A
 Hailstorm                Conj/Ice       #.......     75%         4    N/A
 Summon Ice Beast         Ice/Summ       #.......     75%         4    N/A

Dungeon Overview and Level Annotations

Branches:
Dungeon (5/15)
 Temple: D:4-7

Altars:
Makhleb

Shops:
D:5 %


Innate Abilities, Weirdness & Mutations

You do not eat.
You do not regenerate when monsters are visible.
You are frail without blood (-20% HP).
You can heal yourself when you bite living creatures.
You are immune to poison.
You have razor-sharp teeth.
You have supernaturally acute eyesight. (SInv)
You can survive without breathing.


Message History

The phantom hits you!
* * * LOW HITPOINT WARNING * * *
The bullfrog skeleton hits you but does no damage.
You hit the bullfrog skeleton but do no damage.
The bullfrog skeleton hits you but does no damage.
The phantom blinks!
You hit the bullfrog skeleton but do no damage.
The bullfrog skeleton appears confused.
The bullfrog skeleton misses you.
You hit the bullfrog skeleton.
The bullfrog skeleton is lightly damaged.
The bullfrog skeleton hits you.
* * * LOW HITPOINT WARNING * * *
Casting: Confusing Touch (dangerous; 2% risk of failure)
Confirm with . or Enter, or press ? or * to list all spells.
Aiming: Corona (safe; 1% risk of failure)
Press: ? - help, Shift-Dir - straight line, f/p - phantom
Aim: a phantom (chance to defeat MR: 53%)
The bullfrog skeleton is outlined in light.
The phantom blinks!
The bullfrog skeleton hits you.
You die...

.∩..# .# #.#.# #.
... #.#.# ...
#.##...# #...
#..o..<####
..##o##......# #
.........##..#
#.###..##)#........
#......#@)......###
#...Z.......#.# ##.#
#.....?..#.## .
#...# #.§#...#.#.#
#...#####..#...#.#.#
#...##........##.#
####...##.##...W....
......[....#.#.....#
..........>..#.....#


You could see a phantom and a bullfrog skeleton (confused, corona).

Vanquished Creatures
  Duvessa (D:4)
  Dowan (D:4)
  A scorpion (D:4)
  An orc priest (D:4)
  A hound (D:5)
  Ijyb (D:3)
  An iguana (D:4)
  An orc wizard (D:4)
  Robin (D:4)
  4 gnolls (D:2)
  2 worms (D:2)
  2 dart slugs (D:1)
  A leopard gecko (D:3)
  10 orcs
  5 bats
  2 giant cockroaches
  20 goblins
  4 hobgoblins
  8 jackals
  2 quokkas
  3 frilled lizards
  6 kobolds
  5 rats
83 creatures vanquished.

Vanquished Creatures (collateral kills)
  Edmund (D:4)
  An ogre (D:4)
  An orc (D:4)
3 creatures vanquished.

Vanquished Creatures (others)
  2 dancing weapons (D:4)
2 creatures vanquished.

Grand Total: 88 creatures vanquished

Notes
Turn   | Place    | Note
-------+----------+-------------------------------------------
     0 | D:1      | protoss039 the Vampire Enchanter began the quest for the
                  | Orb.
     0 | D:1      | Reached XP level 1. HP: 13/13 MP: 3/3
   156 | D:1      | Reached skill level 5 in Stealth
   159 | D:1      | Reached XP level 2. HP: 17/19 MP: 3/5
   873 | D:1      | Reached XP level 3. HP: 24/24 MP: 6/6
   961 | D:2      | Learned a level 3 spell: Confusing Touch
  1239 | D:2      | Learned a level 3 spell: Tukima's Dance
  1297 | D:2      | Reached skill level 5 in Hexes
  1416 | D:2      | Reached XP level 4. HP: 30/30 MP: 6/8
  1793 | D:3      | Found a burning altar of Makhleb.
  2069 | D:3      | Noticed Ijyb
  2077 | D:3      | Paralysed by Ijyb for 5 turns
  2089 | D:3      | Paralysed by Ijyb for 7 turns
  2100 | D:3      | Killed Ijyb
  2334 | D:4      | Reached XP level 5. HP: 9/28 MP: 6/10
  2612 | D:4      | Noticed an ogre
  2645 | D:4      | Killed an ogre
  2822 | D:4      | Noticed Robin
  3174 | D:4      | Noticed Edmund
  3192 | D:4      | Killed Edmund
  3192 | D:4      | Reached XP level 6. HP: 27/29 MP: 4/12
  3788 | D:4      | Learned a level 2 spell: Ensorcelled Hibernation
  3792 | D:4      | Learned a level 3 spell: Dazzling Flash
  3899 | D:4      | Killed Robin
  4068 | D:4      | Reached skill level 1 in Fighting
  4563 | D:4      | Noticed Duvessa
  4565 | D:4      | Noticed Dowan
  4573 | D:4      | Killed Duvessa
  4573 | D:4      | Reached XP level 7. HP: 19/33 MP: 12/14
  4587 | D:4      | Killed Dowan
  4587 | D:4      | Reached skill level 5 in Spellcasting
  4757 | D:5      | Entered Level 5 of the Dungeon
  4758 | D:5      | Found Ynodem's Food Shop.
  4934 | D:5      | Slain by a bullfrog skeleton

Illustrated notes

Levels and vault maps discovered:
D:1:      dpeg_arrival_morbid_curiosity, layout_basic
D:2:      layout_basic
D:3:      layout_rooms, lemuel_doored_altar, first_ration, uniq_ijyb
D:4:      layout_basic, minmay_misc_feat_rugged, uniq_robin, uniq_duvessa,
          uniq_edmund
D:5:      layout_loops_cross, grunt_dithmenos_shadows, serial_shops,
          nicolae_shop_crystal, minmay_splitting_lines

Skill      XL: |  1  2  3  4  5  6  7 |
---------------+----------------------+-----
Stealth        | 5 6 |  6.6
Hexes          | 5 6 |  6.8
Spellcasting   | 3 4 5 |  5.1
Short Blades   | 2 3 |  3.0
Fighting       | 1 |  1.3
Dodging        | |  2.1
Ice Magic      | |  0.2

Action                   |  1- 3 |  4- 6 |  7- 9 || total
-------------------------+-------+-------+-------++-------
Melee: Dagger            |    90 |   151 |    30 ||   271
       Bite              |     8 |    10 |     4 ||    22
 Cast: Corona            |    14 |    30 |     5 ||    49
       Confusing Touch   |     3 |    15 |     5 ||    23
       Tukima's Dance    |       |     8 |       ||     8
       Ensorcelled Hiber |       |     2 |       ||     2
       Dazzling Flash    |       |       |     1 ||     1
 Abil: Exsanguinate      |       |     2 |       ||     2
       Bat Form          |       |     1 |       ||     1
       Revivify          |       |     1 |       ||     1
  Use: Scroll            |       |     4 |       ||     4
 Stab: Sleeping          |     7 |     8 |       ||    15
       Confused          |     1 |     8 |     2 ||    11
       Distracted        |       |     1 |       ||     1
       Invisible         |       |       |     1 ||     1
Armor: Robe              |    32 |    45 |     8 ||    85
Dodge: Dodged            |    67 |   113 |    24 ||   204
